 Dungeon Crawl Stone Soup version 0.28.0 (webtiles) character file.

Game seed: 14833559327079322152

169 croobank the Insei (level 5, -2/35 HPs)
             Began as an Octopode Transmuter on Feb 14, 2022.
             Slain by a gnoll (5 damage)
             ... on level 2 of the Dungeon.
             The game lasted 00:07:44 (2862 turns).

croobank the Insei (Octopode Transmuter)            Turns: 2862, Time: 00:07:44

Health: -2/35      AC:  2    Str:  9    XL:     5   Next: 50%
Magic:  6/9        EV: 20    Int: 17    God:
Gold:   98         SH:  0    Dex: 18    Spells: 3/9 levels left

rFire   . . .      SeeInvis .     - Unarmed
rCold   . . .      Faith    .   (shield currently unavailable)
rNeg    . . .      Spirit   .   (helmet currently unavailable)
rPois   x          Reflect  .   (no amulet)
rElec   .          Harm     .   (no ring)
rCorr   .          Rampage  .   (no ring)
Will    .....                   (no ring)
Stlth   ++........              (no ring)
HPRegen 0.11/turn               (no ring)
MPRegen 0.11/turn               (no ring)
                                (no ring)
                                (no ring)

@: spider-form
A: venomous fangs, almost no armour, (amphibious), 8 rings, tiny, (camouflage
1), (gelatinous body 1), (nimble swimmer 1), (tentacles)
a: End Transformation


You were on level 2 of the Dungeon.
You were a venomous arachnid creature.
You visited 1 branch of the dungeon, and saw 4 of its levels.

You collected 98 gold pieces.

Inventory:

Hand Weapons
 a - a +2 dagger of venom
 b - a +0 hand crossbow
 m - a +4 club (melded)
Missiles
 f - 34 sling bullets
 h - 31 bolts
 i - 89 stones
 o - 2 poisoned darts (quivered)
Scrolls
 c - a scroll of amnesia
 e - a scroll of immolation {unknown}
 n - 2 scrolls of teleportation {unknown}
Potions
 d - a potion of attraction
 g - a potion of magic {unknown}
 j - a potion of mutation {unknown}
 k - 2 potions of brilliance {unknown}
 l - a potion of haste {unknown}


   Skills:
 + Level 2.3 Fighting
 + Level 2.9 Dodging
 - Level 3.3 Unarmed Combat
 + Level 2.9 Spellcasting
 + Level 3.0 Transmutations
 + Level 1.4 Poison Magic


You had 3 spell levels left.
You knew the following spells:

 Your Spells              Type           Power      Damage    Failure   Level
a - Beastly Appendage     Tmut           24%        N/A       14%         1
b - Wereblood             Tmut           12%        N/A       21%         2
c - Spider Form           Tmut/Pois      10%        N/A       41%         3

Your spell library contained the following spells:

 Spells                   Type           Power      Damage    Failure   Level
 Sting                    Tmut/Pois      40%        1d5       19%         1
 Animate Skeleton         Necr           4%         N/A       38%         1
 Pain                     Necr           8%         1d4       38%         1
 Poisonous Vapours        Pois/Air       8%         N/A       41%         2
 Corpse Rot               Necr/Air       4%         N/A       47%         2
 Scorch                   Fire           4%         2d5       47%         2
 Vampiric Draining        Necr           2%         2d6       69%         3
 Ice Form                 Ice/Tmut       7%         N/A       85%         4
 Olgreb's Toxic Radiance  Pois           7%         N/A       85%         4
 Flame Wave               Conj/Fire      2%         2d4       96%         4
 Summon Cactus Giant      Summ           1%         N/A       100%        6


Dungeon Overview and Level Annotations

Branches:
Dungeon (4/15)
 Temple: D:4-7

Altars:


Innate Abilities, Weirdness & Mutations

You are a venomous arachnid creature.
You have poisonous fangs.
You are tiny and dextrous.
Your spellcasting is less reliable in this form.
Your armour is entirely melded.
You are incapable of wielding weapons or throwing items.
You cannot wear most types of armour.
((You are amphibious.))
You can wear up to eight rings at the same time.
((Your skin changes colour to match your surroundings (Stealth+).))
((Your rubbery body absorbs attacks. (AC +1, EV +1)))
((You are camouflaged when in or above water. (Stealth+)))
((You have tentacles for arms and can constrict up to eight enemies at once.))


Message History

Your blood is infused with primal strength.
A gnoll comes into view. It is wielding a +0 flail.
The gnoll hits you from afar with a +0 spear!
The gnoll hits you with a +0 halberd. The gnoll closely misses you.
There is a stone staircase leading down here.
You hit the gnoll. You grab the gnoll. You squeeze the gnoll.
The gnoll is almost dead.
You constrict the gnoll.
You feel a bit better.
You kill the gnoll!
The gnoll closely misses you. The gnoll misses you.
You hit the gnoll but do no damage. Your grab misses the gnoll.
You barely miss the gnoll. You grab the gnoll.
You pierce the gnoll, but do no damage.
You squeeze the gnoll.
The gnoll is heavily wounded.
Your transformation is almost over.
You constrict the gnoll, but do no damage.
The gnoll hits you from afar with a +0 halberd!
The gnoll hits you with a +0 flail!
* * * LOW HITPOINT WARNING * * *
You release your grip on the gnoll.
You howl as the wereblood boils in your veins!
Your tentacle spike disappears.
Your primal bloodlust is almost over.
You howl as the wereblood boils in your veins!
Your primal bloodlust has ended.
You see here a ball python corpse.
You see here a hobgoblin corpse.
There is a stone staircase leading up here.
The gnoll misses you.
The gnoll hits you from afar with a +0 halberd!
* * * LOW HITPOINT WARNING * * *
You climb upwards.
There is a stone staircase leading down here.
Okay, then.
Casting: Wereblood (safe; 8% risk of failure)
Confirm with . or Enter, or press ? or * to list all spells.
The spell is quite dangerous to miscast (21% risk of failure)!
Continue anyway?
You turn into a venomous arachnid creature.
Your +4 club melds into your body.
The gnoll hits you with a +0 flail.
You die...

##### #...# #...#
#...# #...#
########...#######
...............gs#
#.######...##.####
#.# #...##.# #.#
######.# ..#
#####.# #.#
#.....# #.#
#.....####### #.#
#...........# #.#
#.....#####.#


You could see a gnoll.

Vanquished Creatures
  Jessica (D:2)
  An orc wizard (D:3)
  4 adders
  A gnoll (D:3)
  A worm (D:2)
  A dart slug (D:3)
  3 orcs (D:3)
  7 ball pythons
  9 endoplasms
  3 giant cockroaches (D:1)
  5 goblins
  4 hobgoblins
  3 jackals (D:2)
  8 kobolds
  2 quokkas (D:2)
  4 bats
  3 frilled lizards
  4 rats
64 creatures vanquished.

Notes
Turn   | Place    | Note
-------+----------+-------------------------------------------
     0 | D:1      | croobank the Octopode Transmuter began the quest for the
                  | Orb.
     0 | D:1      | Reached XP level 1. HP: 13/13 MP: 3/3
   266 | D:1      | Reached XP level 2. HP: 16/18 MP: 3/5
   269 | D:1      | Learned a level 2 spell: Wereblood
  1054 | D:2      | Found a faded altar of an unknown god.
  1061 | D:2      | Reached XP level 3. HP: 22/23 MP: 4/6
  1475 | D:2      | Reached XP level 4. HP: 23/29 MP: 5/7
  1479 | D:2      | Learned a level 3 spell: Spider Form
  1712 | D:2      | Noticed Jessica
  1723 | D:2      | Killed Jessica
  1740 | D:2      | Got Jessica's Almanac of Evil
  2143 | D:3      | Reached skill level 1 in Poison Magic
  2144 | D:3      | Reached XP level 5. HP: 10/34 MP: 6/9
  2577 | D:3      | You fall into a shaft and drop 1 floor!
  2613 | D:4      | Noticed a phantom
  2862 | D:2      | Slain by a gnoll

Illustrated notes

Levels and vault maps discovered:
D:1:      moated_graveyard_arrival, layout_basic, minmay_pentomino_s4
D:2:      layout_basic, chequers_ecumenical_altar_island,
          kennysheep_jessica_study
D:3:      layout_basic, zin_scriptorium
D:4:      layout_gridville

Skill      XL: |  1  2  3  4  5 |
---------------+----------------+-----
Fighting       | 2 |  2.3
Poison Magic   | 1 |  1.4
Transmutations | 3 |  3.0
Dodging        | |  2.9
Unarmed Combat | |  3.3
Spellcasting   | |  2.9

Action                   |  1- 3 |  4- 6 || total
-------------------------+-------+-------++-------
Melee: Unarmed           |    46 |       ||    46
       Constrict         |    20 |    15 ||    35
       Kick              |    16 |    17 ||    33
       Tentacles         |     8 |    13 ||    21
       Punch             |     2 |     1 ||     3
       Dagger            |    12 |    17 ||    29
       Club              |       |    37 ||    37
Throw: Dart              |       |     4 ||     4
 Cast: Beastly Appendage |    18 |    15 ||    33
       Wereblood         |     1 |     6 ||     7
       Spider Form       |       |     1 ||     1
  Use: Scroll            |     3 |       ||     3
       Potion            |       |     1 ||     1
 Stab: Sleeping          |     4 |     2 ||     6
Armor: Skin              |     9 |     1 ||    10
Dodge: Dodged            |    45 |    49 ||    94
